 Dungeon Crawl Stone Soup version 0.29-a0-393-g47a863cc1b (webtiles) character file.

Game seed: 13856958809520863869

64328 jimonade the Thaumaturge (level 15, -4/115 HPs)
             Began as a Djinni Conjurer on May 8, 2022.
             Was the Champion of Makhleb.
             Slain by an orc warrior
             ... wielding a +0 glaive
              (22 damage)
             ... on level 2 of the Orcish Mines on May 9, 2022.
             The game lasted 02:09:23 (23847 turns).

jimonade the Thaumaturge (Djinni Conjurer)         Turns: 23847, Time: 02:09:25

Health: -4/115     AC:  9    Str: 12    XL:     15   Next: 53%
Gold:   1736       EV: 14    Int: 30    God:    Makhleb [******] SH: 23 Dex: 12

rFire   + + .      SeeInvis .   q - +3 demon trident (freeze)
rCold   x . .      Faith    .   Y - +4 tower shield of Odoott {Rampage Regen+}
rNeg    . . .      Spirit   .   a - +1 troll leather armour {Snorg}
rPois   ∞          Reflect  +   e - +0 helmet {Int+3}
rElec   .          Harm     .   H - +1 cloak {Will+}
rCorr   .          Rampage  +   (no gloves)
Will    ++...                   (boots unavailable)
Stlth   ..........              K - amulet of reflection
HPRegen 1.89/turn               z - +6 ring of intelligence
MPRegen 0.00/turn               B - +4 ring of evasion

@: silenced, flying
A: sickness immunity, fire resistance 2, cold vulnerability 1, float, innate
caster, HP casting, extra vitality 1
a: Renounce Religion


You were on level 2 of the Orcish Mines.
You worshipped Makhleb.
Makhleb was exalted by your worship.
You visited 4 branches of the dungeon, and saw 20 of its levels.

You collected 1983 gold pieces.
You spent 247 gold pieces at shops.

Inventory:

Hand Weapons
 f - a +4 battleaxe
 j - a +1 vampiric dagger
 n - a +4 rapier of protection
 q - a +3 demon trident of freezing (weapon)
 C - a +2 quarterstaff of distortion
 I - a +3 longbow of flaming
 R - a +2 shortbow of flaming
Missiles
 k - 370 stones
 v - 35 poisoned darts
 D - 11 boomerangs
 Z - 5 curare-tipped darts
Armour
 a - a +1 troll leather armour (worn) {Snorg}
 e - a +0 helmet of intelligence (worn)
 r - a +1 leather armour of cold resistance
 H - a +1 cloak of willpower (worn)
 M - +0 acid dragon scales
 Y - the +4 tower shield of Odoott (worn) {Rampage Regen+}
   (You found it on level 1 of the Lair of Beasts)

   Regen:     It increases your rate of health regeneration.
   Rampage:   It bestows one free step when moving towards enemies.
Magical Staves
 b - a staff of poison
 s - a staff of fire
Jewellery
 x - a ring of protection from cold
 z - a +6 ring of intelligence (left hand)
 B - a +4 ring of evasion (right hand)
 K - an amulet of reflection (around neck)
Wands
 l - a wand of iceblast (27)
 y - a wand of flame (9)
 E - a wand of paralysis (10)
 G - a wand of polymorph (20)
 Q - a wand of digging (6)
 T - a wand of acid (6)
 X - a wand of charming (9)
Scrolls
 d - 8 scrolls of fog
 i - a scroll of enchant armour {unknown}
 p - 3 scrolls of blinking
 w - 9 scrolls of teleportation
 J - 6 scrolls of identify
 L - a scroll of brand weapon {unknown}
 O - a scroll of magic mapping
 V - 3 scrolls of immolation
Potions
 c - 5 potions of heal wounds
 g - 6 potions of brilliance
 h - a potion of berserk rage
 m - a potion of mutation
 o - 4 potions of might
 t - 5 potions of lignification
 A - 13 potions of curing
 F - 6 potions of flight
 S - 2 potions of resistance {unknown}
 U - 2 potions of magic {unknown}
 W - a potion of ambrosia {unknown}
Miscellaneous
 u - a box of beasts


   Skills:
 * Level 13.3 Fighting
 + Level 8.4 Polearms
 + Level 5.2 Armour
 + Level 6.8 Dodging
 - Level 1.5 Stealth
 + Level 7.1 Shields
 + Level 14.0 Spellcasting


You had 2 spell levels left.
You knew the following spells:

 Your Spells              Type           Power      Damage    Failure   Level
a - Magic Dart            Conj           100%       1d8       1%          1
b - Searing Ray           Conj           100%       2d8       1%          2
c - Dazzling Flash        Conj/Hex       100%       N/A       1%          3
d - Fulminant Prism       Conj/Hex       40%        3d20      1%          4
e - Iskenderun's Mystic   Conj/Tloc      81%        2d16      1%          4
f - Foxfire               Conj/Fire      100%       2x1d9     1%          1
g - Scorch                Fire           100%       2d10      1%          2
h - Ignite Poison         Fire/Tmut/Pois 81%        N/A       1%          3
i - Leda's Liquefaction   Hex/Erth       40%        N/A       1%          4
j - Silence               Hex/Air        40%        N/A       1%          5
k - Metabolic Englaciati  Hex/Ice        40%        N/A       1%          5
l - Iron Shot             Conj/Erth      40%        9d8       12%         6
Your spell library was empty.

Dungeon Overview and Level Annotations

Branches:
Dungeon (11/15)            Temple (1/1) D:4            Lair (6/6) D:11
 Shoals (0/4) Lair:3        Snake (0/4) Lair:3        Slime (0/5) Lair:6
    Orc (2/2) D:11
    Elf: Orc:2

Altars:
Ashenzari
Cheibriados
Dithmenos
Elyvilon
Fedhas
Gozag
Hepliaklqana
Kikubaaqudgha
Makhleb
Nemelex Xobeh
Okawaru
Qazlal
Ru
Sif Muna
Trog
Uskayaw
Vehumet
Wu Jian
Xom
Yredelemnul
Zin
The Shining One
Beogh

Shops:
D:3 (   D:4 [   D:6 [   Orc:1 [(

Annotations:
D:2 1 runed translucent door, Crazy Yiuf
D:4 exclusion: 2 downstairs
D:6 3 runed translucent doors, BigDaddyOpFi's ghost, novice OpFi; spaghetti's ghost, novice DsBe
Lair:2 exclusion: downstairs
Orc:2 Jorgrun


Innate Abilities, Weirdness & Mutations

You are immune to sickness and miasma.
You are immune to poison.
Your flesh is very heat resistant. (rF++)
You are vulnerable to cold. (rC-)
You float through the air rather than walking.
You learn spells naturally, not from books.
Your magical power is your life essence.
You have superior vitality. (+4 MHP)


Message History

The orc warrior hits you from afar with a +0 glaive!
The orc hits you with a +0 hand axe. Something barely misses you.
An orc wizard comes into view. It is wielding a +0 dagger.
Jorgrun hits you with a +0 vorpal quarterstaff.
You puncture Jorgrun! You freeze Jorgrun.
Jorgrun is lightly wounded.
You block Jorgrun's attack. You block the orc warrior's attack. x2
The orc hits you with a +0 hand axe. Something hits you but does no damage.
You hit Jorgrun. You freeze Jorgrun.
Jorgrun is lightly wounded.
You block Jorgrun's attack.
The orc warrior hits you with a +0 hand axe!
You block the orc warrior's attack. You block the orc's attack.
Something closely misses you.
You hit Jorgrun. You freeze Jorgrun.
Jorgrun is moderately wounded.
You block Jorgrun's attack. The orc warrior misses you. The orc misses you.
You block something's attack.
You hit Jorgrun. You freeze Jorgrun.
Jorgrun is moderately wounded.
Jorgrun hits you with a +0 vorpal quarterstaff!
An orc warrior comes into view.
It is wielding a +1 flail of protection.
You block the orc warrior's attack. x2; Something hits you but does no damage.
You hit something. You freeze something. You block something's attack.
You block the orc's attack. Jorgrun barely misses you.
You block the orc warrior's attack. You block the orc wizard's attack.
You block the orc warrior's attack. The orc closely misses you.
You block the orc's attack. The orc warrior barely misses you.
The orc warrior misses you. Something hits you but does no damage.
The orc wizard closely misses you.
Jorgrun hits you with a +0 vorpal quarterstaff!
The orc hits you but does no damage.
You miss something.
Jorgrun hits you with a +0 vorpal quarterstaff!
* * * LOW HITPOINT WARNING * * *
x2 You block the orc wizard's attack.
The orc warrior hits you with a +0 hand axe.
* * * LOW HITPOINT WARNING * * *
The orc warrior hits you from afar with a +0 glaive!!
You die...

.# '.8.. .# .## #)) .## .# ..#
##)###.## .# . ..## #..##...##.#
.. ...### ##)).....#..##...
#....##########..))))......#'###
###.............................
.)....<....#####go............#
$.........#####.@oo.....))...##
..##......###.#{oo..))...#...#
..##......#.......)..).......#
..##...........).......).....##
...##.....#o##......))........#
..##.##.##...)).....).))......#
..#.........#####.....)........
##.##.##.##...##)............ ##
####.#.....)........$....


You could see Jorgrun, 3 orc warriors, an orc wizard and 2 orcs.

Vanquished Creatures
  Rupert (Lair:3)
  An orc warlord (Orc:2)
  Nessos (Lair:6)
  Snorg (Lair:4)
  A fire dragon (Lair:6)
  A boulder beetle (Lair:6)
  5 hydras
  A catoblepas (Lair:2)
  3 two-headed ogres
  3 death yaks (Lair:6)
  A lindwurm (Lair:6)
  2 orc knights
  2 cyclopes
  An oklob plant (D:10)
  An ugly thing (D:11)
  12 elephants
  3 molten gargoyles (Lair:6)
  A gargoyle (D:11)
  8 black mambas
  16 cane toads
  12 komodo dragons
  2 rime drakes (Lair:1)
  2 trolls
  2 polar bears
  Grinder (D:5)
  3 slime creatures (D:9)
  14 blink frogs
  Sigmund (D:5)
  2 wraiths
  7 basilisks
  63 yaks
  A shadow (D:11)
  4 wyverns
  Eustachio (D:5)
  4 steam dragons
  3 vampire mosquitoes (D:10)
  Menkaure (D:5)
  5 wargs
  An acid dragon (D:9)
  A naga (Lair:3)
  14 water moccasins
  4 hell hounds (Lair:6)
  19 orc warriors
  An ice beast (D:7)
  A sky beast (D:6)
  15 wolves
  2 black bears (D:6)
  4 centaurs
  8 ogres
  Blork the orc (D:5)
  2 kobold brigands (D:8)
  12 bullfrogs
  18 killer bees
  4 howler monkeys
  An electric eel (Lair:3)
  2 jellies
  5 lava snakes (Lair:6)
  2 hounds
  8 orc priests
  A gnoll shaman (D:10)
  3 iguanas
  16 orc wizards
  6 hell rats (Lair:2)
  11 gnolls
  7 adders
  14 river rats (Lair:2)
  2 white imps (D:5)
  4 ufetubi
  3 dart slugs
  69 orcs
  10 ball pythons
  11 endoplasms
  6 giant cockroaches
  10 goblins
  8 hobgoblins
  10 jackals
  10 quokkas
  5 bats
  3 frilled lizards
  16 kobolds
  20 rats
  A butterfly (Lair:3)
564 creatures vanquished.

Vanquished Creatures (others)
  2 foxfires (Lair:6)
  260 fulminant prisms
  44 fungi
  87 plants
  13 toadstools (D:10)
  6 withered plants (D:6)
412 creatures vanquished.

Grand Total: 976 creatures vanquished

Notes
Turn   | Place    | Note
-------+----------+-------------------------------------------
     0 | D:1      | jimonade the Djinni Conjurer began the quest for the Orb.
     0 | D:1      | Reached XP level 1. HP: 15/15 MP: 0/0
   243 | D:1      | Found a faded altar of an unknown god.
   259 | D:1      | Reached XP level 2. HP: 20/22 MP: 0/0
   828 | D:1      | Reached XP level 3. HP: 25/26 MP: 0/0
   828 | D:1      | Learned a level 1 spell: Foxfire
   959 | D:1      | Reached skill level 1 in Fighting
  1223 | D:1      | Reached skill level 4 in Spellcasting
  1667 | D:1      | Reached XP level 4. HP: 30/32 MP: 0/0
  2595 | D:2      | Found a runed translucent door.
  2596 | D:2      | Noticed Crazy Yiuf
  3184 | D:3      | Reached XP level 5. HP: 28/38 MP: 0/0
  3184 | D:3      | Learned a level 2 spell: Scorch
  3415 | D:3      | Reached skill level 1 in Polearms
  3775 | D:3      | Found Faem's Weapon Shop.
  4580 | D:3      | Reached XP level 6. HP: 43/43 MP: 0/0
  4597 | D:3      | Reached skill level 1 in Armour
  4905 | D:4      | Found Caimeasi's Antique Armour Shoppe.
  4942 | D:4      | Found a staircase to the Ecumenical Temple.
  4974 | Temple   | Entered the Ecumenical Temple
  5262 | Temple   | Became a worshipper of Makhleb the Destroyer
  6163 | D:5      | Entered Level 5 of the Dungeon
  6196 | D:5      | Noticed Sigmund
  6453 | D:5      | Noticed Menkaure
  6456 | D:5      | Killed Menkaure
  6457 | D:5      | Reached XP level 7. HP: 43/49 MP: 0/0
  6457 | D:5      | Learned a level 3 spell: Ignite Poison
  6515 | D:5      | Noticed Grinder
  6527 | D:5      | Killed Grinder
  6801 | D:5      | Noticed Eustachio
  6897 | D:5      | Reached skill level 5 in Spellcasting
  6897 | D:5      | Reached XP level 8. HP: 51/56 MP: 0/0
  7050 | D:5      | Noticed Blork the orc
  7240 | D:5      | Killed Blork the orc
  7670 | D:5      | Killed Eustachio
  8318 | D:5      | Killed Sigmund
  8425 | D:6      | Found Ifredum's Armour Shoppe.
  8535 | D:6      | Reached skill level 6 in Spellcasting
  8665 | D:6      | Reached XP level 9. HP: 54/63 MP: 0/0
  8665 | D:6      | Learned a level 4 spell: Leda's Liquefaction
  8966 | D:6      | Reached skill level 5 in Fighting
  9337 | D:6      | Found a runed translucent gate.
  9337 | D:6      | Found a runed translucent gate.
  9337 | D:6      | Found a runed translucent gate.
  9338 | D:6      | Noticed spaghetti's ghost (novice DsBe)
  9339 | D:6      | Noticed BigDaddyOpFi's ghost (novice OpFi)
  9585 | D:6      | Bought a +1 cloak of willpower for 247 gold pieces
  9706 | D:7      | Reached skill level 7 in Spellcasting
  9810 | D:7      | Found a hazy altar of Hepliaklqana.
 10592 | D:7      | Found a stormy altar of Qazlal.
 11174 | D:8      | Reached * piety under Makhleb
 11470 | D:8      | Reached XP level 10. HP: 69/72 MP: 0/0
 11700 | D:8      | Reached skill level 8 in Spellcasting
 12944 | D:9      | Noticed a cyclops
 13183 | D:9      | Reached skill level 9 in Spellcasting
 13567 | D:9      | Reached ** piety under Makhleb
 14165 | D:9      | Reached XP level 11. HP: 72/79 MP: 0/0
 14165 | D:9      | Learned a level 5 spell: Silence
 14182 | D:9      | Reached skill level 10 in Spellcasting
 14467 | D:9      | Killed a cyclops
 14828 | D:10     | Entered Level 10 of the Dungeon
 15031 | D:10     | Found a hide-covered altar of Uskayaw.
 15042 | D:10     | Noticed a +0 dagger
 15042 | D:10     | Noticed a +0 hand axe
 15098 | D:10     | Noticed a two-headed ogre
 15102 | D:10     | Killed a two-headed ogre
 15301 | D:10     | Found a blossoming altar of Fedhas.
 15317 | D:10     | Noticed an oklob plant
 15849 | D:10     | Killed an oklob plant
 15973 | D:10     | Reached skill level 10 in Fighting
 15973 | D:10     | Reached skill level 11 in Spellcasting
 15973 | D:10     | Reached XP level 12. HP: 91/91 MP: 0/0
 15987 | D:11     | Noticed a four-headed hydra
 15994 | D:11     | Killed a four-headed hydra
 15995 | D:11     | Reached skill level 12 in Spellcasting
 16150 | D:11     | Found a bloodstained altar of Trog.
 16265 | D:11     | Noticed a two-headed ogre
 16274 | D:11     | Killed a two-headed ogre
 16348 | D:11     | Reached *** piety under Makhleb
 16478 | D:11     | Found a staircase to the Orcish Mines.
 16769 | D:11     | Found a staircase to the Lair.
 16785 | Lair:1   | Entered Level 1 of the Lair of Beasts
 16846 | Lair:1   | Reached XP level 13. HP: 95/98 MP: 0/0
 16846 | Lair:1   | Learned a level 5 spell: Metabolic Englaciation
 17683 | Lair:1   | Identified the +4 tower shield of Odoott {Rampage Regen+}
 17698 | Lair:2   | Noticed an eight-headed hydra
 17707 | Lair:2   | Killed an eight-headed hydra
 17708 | Lair:2   | Reached skill level 13 in Spellcasting
 17799 | Lair:2   | Found an iron altar of Okawaru.
 18094 | Lair:2   | Noticed a catoblepas
 18103 | Lair:2   | Killed a catoblepas
 18262 | Lair:2   | Reached **** piety under Makhleb
 18263 | Lair:2   | Reached skill level 1 in Shields
 19108 | Lair:3   | Noticed Rupert
 19130 | Lair:2   | Reached skill level 5 in Armour
 19161 | Lair:3   | Reached skill level 5 in Polearms
 19449 | Lair:3   | Found a staircase to the Shoals.
 19578 | Lair:3   | Found a staircase to the Snake Pit.
 19609 | Lair:3   | Reached skill level 5 in Dodging
 19609 | Lair:3   | Reached ***** piety under Makhleb
 20099 | Lair:3   | Paralysed by Rupert for 4 turns
 20158 | Lair:3   | Killed Rupert
 20159 | Lair:3   | Reached XP level 14. HP: 106/106 MP: 0/0
 20559 | Lair:4   | Noticed Snorg
 20729 | Lair:4   | Killed Snorg
 21891 | Lair:6   | Entered Level 6 of the Lair of Beasts
 21900 | Lair:6   | Reached skill level 5 in Shields
 21995 | Lair:6   | Found a staircase to the Slime Pits.
 22075 | Lair:6   | Noticed Nessos
 22087 | Lair:6   | Killed Nessos
 22268 | Lair:6   | Reached XP level 15. HP: 113/113 MP: 0/0
 22268 | Lair:6   | Learned a level 6 spell: Iron Shot
 22306 | Lair:6   | Found a large runed translucent door.
 22307 | Lair:6   | Found a large runed translucent door.
 22593 | Lair:6   | Upgraded the game from 0.29-a0-392-g297d3b089c to
                  | 0.29-a0-393-g47a863cc1b
 22774 | Lair:6   | Reached ****** piety under Makhleb
 23274 | Orc:1    | Entered Level 1 of the Orcish Mines
 23455 | Orc:1    | Found Gyiptely's Antique Armour Shoppe.
 23455 | Orc:1    | Found Kavit's Antique Weapon Shop.
 23666 | Orc:2    | Entered Level 2 of the Orcish Mines
 23667 | Orc:2    | Noticed Jorgrun
 23682 | Orc:2    | Reached skill level 14 in Spellcasting
 23807 | Orc:2    | Noticed an orc warlord
 23829 | Orc:2    | Killed an orc warlord
 23847 | Orc:2    | Slain by an orc warrior

Illustrated notes

Levels and vault maps discovered:
D:1:      heliophobic_arrival_dark_side_of_the_moon, layout_basic,
          hellmonk_ecumenical_altar_lost_god, minmay_close_crescents
D:2:      minmay_chambers_of_ones, layout_loops_ring, chequers_avenue,
          uniq_crazy_yiuf_cottage
D:3:      minmay_octagon_keep, layout_loops_ring, serial_shops, shop
D:4:      layout_gridville, minmay_temple_entry_sparse_star, serial_shops,
          shop_coins
D:5:      layout_basic, eino_tiny_chamber, uniq_menkaure, uniq_eustachio,
          uniq_grinder, uniq_sigmund, uniq_blork_the_orc
D:6:      layout_cave_pools, gammafunk_ghost_cemetery, serial_shops, shop,
          dreamdust_princess_corridor
D:7:      layout_basic, nicolae_hepliaklqana_hazy_memory,
          nicolae_qazlal_scattered_showers
D:8:      layout_layer_cave
D:9:      layout_layer_cave
D:10:     layout_roguey, tgw_fedhas, dancing_weapons_uskayaw,
          hangedman_decor_growths
D:11:     layout_rooms, lair_entry_dummy, david_orc_4, trog_three_pillars_becter
Temple:   dpeg_five_rooms_temple
Lair:1:   layout_regular_city, serial_bayou_crossing, lemuel_fruit_fields,
          grunt_megastairs_4
Lair:2:   lemuel_ratsnest, layout_cave_pods, basic_altar
Lair:3:   layout_misc_corridors, shoals_dummy_entry,
          guppyfry_snake_entry_island, grunt_megastairs_2, serial_bayou_shore_a,
          lemuel_fruit_fields, infiniplex_staircase_pool_2, uniq_rupert
Lair:4:   layout_cave_shapes, uniq_snorg
Lair:5:   layout_regular_city, serial_bayou_pond_d,
          chequers_serial_rivers_small_a, dreamdust_mushroom_princess
Lair:6:   cheibrodos_lair_end_hotspot, layout_regular_city,
          nicolae_slime_entry_slimehenge, uniq_nessos
Orc:1:    layout_caves, serial_shops, shop, nicolae_shop_statue_plus
Orc:2:    grunt_orc_community_town_hall, layout_caves,
          grunt_orc_community_big_house_2, grunt_orc_community_big_house_1,
          grunt_orc_community_house_3, grunt_orc_community_house_2,
          grunt_orc_community_house_2, grunt_orc_community_house_1,
          grunt_orc_community_house_2, grunt_orc_community_house_3, uniq_jorgrun

Skill      XL: |  1  2  3  4  5  6  7  8  9 10 11 12 13 14 15 |
---------------+----------------------------------------------+-----
Fighting       | 1 2 3 4 5 7 10 11 12 13 | 13.3
Spellcasting   | 4 5 6 7 9 11 12 13 14 | 14.0
Polearms       | 1 2 3 4 5 7 8 |  8.4
Armour         | 2 3 4 5 |  5.2
Dodging        | 3 4 5 6 |  6.8
Shields        | 3 6 7 |  7.1
Stealth        | |  1.5

Action                   |  1- 3 |  4- 6 |  7- 9 | 10-12 | 13-15 || total
-------------------------+-------+-------+-------+-------+-------++-------
Melee: Demon trident     |       |    99 |    10 |   122 |   540 ||   771
       Punch             |       |       |       |     1 |       ||     1
 Cast: Magic Dart        |    56 |    58 |    21 |     7 |     7 ||   149
       Searing Ray       |     4 |     9 |       |       |       ||    13
       Scorch            |       |     6 |    33 |    19 |     9 ||    67
       Fulminant Prism   |       |     5 |    55 |    80 |   120 ||   260
       Iskenderun's Myst |       |       |       |    25 |   111 ||   136
       Leda's Liquefacti |       |       |       |       |     1 ||     1
       Metabolic Englaci |       |       |       |       |     3 ||     3
       Foxfire           |       |       |       |       |     1 ||     1
       Iron Shot         |       |       |       |       |     1 ||     1
       Silence           |       |       |       |       |     1 ||     1
  Use: Scroll            |       |    14 |     5 |     4 |     1 ||    24
       Potion            |       |       |       |     1 |       ||     1
 Stab: Sleeping          |       |     2 |       |       |       ||     2
       Distracted        |       |       |       |       |     1 ||     1
Armor: Robe              |     1 |     4 |     5 |       |       ||    10
       Leather armour    |       |    31 |     1 |       |       ||    32
       Steam dragon scal |       |       |       |     1 |       ||     1
       Acid dragon scale |       |       |       |     2 |    69 ||    71
       Troll leather arm |       |       |       |       |    35 ||    35
Dodge: Dodged            |     7 |    85 |    25 |    16 |   173 ||   306
Block: Reflection        |       |       |       |     2 |    14 ||    16
       Other             |       |       |       |     2 |     1 ||     3
       Tower shield      |       |       |       |       |   582 ||   582

Table legend: (Time is in decaauts)
 A = Elapsed time spent in this place.
 B = Non-inter-level travel time spent in this place.
 C = Inter-level travel time spent in this place.
 D = Time resting spent in this place.
 E = Time spent auto-exploring this place.
 F = Levels seen in this place.
 G = Mean time per level.
                   A        B        C        D        E       F      G
               +--------+--------+--------+--------+--------+-----+--------+
         Total |  24124 |  22967 |   1157 |   3272 |  13431 |  20 | 1206.2 |
       Dungeon |  16559 |  15885 |    674 |   2904 |   9655 |  11 | 1505.4 |
        Temple |    338 |    260 |     78 |      0 |    248 |   1 |  338.0 |
          Lair |   6640 |   6245 |    395 |    368 |   3222 |   6 | 1106.7 |
  Orcish Mines |    585 |    575 |     10 |      0 |    306 |   2 |  292.5 |
               +--------+--------+--------+--------+--------+-----+--------+

Top non-repeatable levels by time:
     D:5: 2452 daAuts
     D:8: 2291 daAuts
     D:1: 1897 daAuts
     D:3: 1843 daAuts
  Lair:2: 1637 daAuts
     D:7: 1540 daAuts
     D:9: 1498 daAuts
  Lair:3: 1480 daAuts
  Lair:6: 1264 daAuts
     D:4: 1175 daAuts
     D:2: 1150 daAuts
    D:10: 1149 daAuts
  Lair:1: 949 daAuts
     D:6: 812 daAuts
  Lair:5: 793 daAuts
